 Dungeon Crawl Stone Soup version 0.21-a0-519-gb765982 (webtiles) character file.

3197 slep the Cleaver (level 9, -2/68 HPs)
             Began as a Demonspawn Monk on Dec 5, 2017.
             Was a Priest of Okawaru.
             Slain by a hornet (3 damage)
             ... while paralysed by a hornet
             ... on level 8 of the Dungeon.
             The game lasted 00:35:02 (6267 turns).

slep the Cleaver (Demonspawn Monk)                  Turns: 6267, Time: 00:35:03

Health: -2/68      AC:  9    Str: 14      XL:     9   Next: 64%
Magic:  6/6        EV:  2    Int: 13      God:    Okawaru [***...]
Gold:   313        SH:  0    Dex: 16 (17) Spells: 8/8 levels left

rFire    . . .     SeeInvis +   a - +1 war axe (antimagic)
rCold    . . .     Gourm    .   e - +0 buckler (curse)
rNeg     . . .     Faith    .   J - +1 leather armour {MR+}
rPois    .         Spirit   .   (helmet restricted)
rElec    .         Reflect  +   f - +2 cloak
rCorr    .         Harm     .   B - +0 pair of gloves
MR       +....                  (no boots)
Stlth    ++........             E - +2 amulet of reflection
HPRegen  0.21/turn              u - ring of see invisible
MPRegen  0.10/turn              v - ring of magical power

@: paralysed, lethally poisoned (-2 -> -6), slowed, drained
A: horns 1, talons 1, demonic guardian 1, strong 1, sturdy frame 1
a: Heroism, Renounce Religion


You were on level 8 of the Dungeon.
You worshipped Okawaru.
Okawaru was most pleased with you.
You were not hungry.

You visited 2 branches of the dungeon, and saw 9 of its levels.

You collected 313 gold pieces.

Inventory:

Hand Weapons
 a - a +1 antimagic war axe (weapon)
 o - a +0 war axe
 t - a +0 mace of crushing
 D - a +0 trident of venom
 F - the +10 short sword of Kaemuts {vamp, Dex+6, unknown}
   (You found it on level 4 of the Dungeon)

   It inflicts no extra harm, but heals its wielder when it wounds a living foe.
   It affects your dexterity (+6).
 I - a +0 hand axe
Missiles
 N - 2 throwing nets (quivered)
Armour
 e - a cursed +0 buckler (worn)
 f - a +2 cloak (worn)
 h - +0 fire dragon scales
 y - the +2 robe of Exclusion {rElec Int+4, unknown}
   (You found it on level 5 of the Dungeon)

   It affects your intelligence (+4).
   It insulates you from electricity.
 B - a +0 pair of gloves (worn)
 J - a +1 leather armour of magic resistance (worn)
Jewellery
 u - a ring of see invisible (left hand)
 v - a ring of magical power (right hand)
 E - a +2 amulet of reflection (around neck)
 O - an uncursed amulet of rage
Scrolls
 g - 9 scrolls of identify {unknown}
 j - 2 scrolls of teleportation {unknown}
 n - a scroll of fear {unknown}
 q - 6 scrolls of remove curse {unknown}
 r - a scroll of magic mapping {unknown}
 w - 4 scrolls of random uselessness {unknown}
 x - 2 scrolls of enchant weapon {unknown}
 C - 2 scrolls of enchant armour {unknown}
 K - a scroll of amnesia {unknown}
 L - a scroll of blinking {unknown}
 M - a scroll of noise {unknown}
Potions
 b - a potion of might
 d - 4 potions of mutation
 k - a potion of magic
 p - 3 potions of haste {unknown}
 s - a potion of flight
 z - 2 potions of curing {unknown}
 A - 4 potions of degeneration {unknown}
 G - a potion of heal wounds
Comestibles
 c - 9 bread rations
 i - 9 fruits
 l - a royal jelly
 m - 8 meat rations


   Skills:
 + Level 5.5(5.3) Fighting
 + Level 8.4 Axes
 + Level 2.2(5.5) Maces & Flails
 + Level 1.1(5.1) Polearms
 + Level 5.1(4.9) Armour
 + Level 5.0(4.8) Dodging
 + Level 3.0(2.8) Stealth
 + Level 3.4(3.2) Shields


You had 8 spell levels left.
You didn't know any spells.

Dungeon Overview and Level Annotations

Branches:
Dungeon (8/15)             Temple (1/1) D:6
   Lair: D:8-11

Altars:
Ashenzari
Cheibriados
Dithmenos
Elyvilon
Fedhas
Gozag
Hepliaklqana
Kikubaaqudgha
Makhleb
Nemelex Xobeh
Okawaru
Qazlal
Ru
Sif Muna
Trog
Uskayaw
Vehumet
Wu Jian
Xom
Yredelemnul
The Shining One


Innate Abilities, Weirdness & Mutations

You have sharp toenails.
A weak demonic guardian rushes to your aid.
Your movements are slightly less encumbered by armour. (ER -2)
You have a pair of small horns on your head.
Your muscles are strong. (Str +2)


Message History

You feel as though you will be slow longer.
The iguana moves out of view.
You block the killer bee zombie's attack.
The hornet stings you!
You feel as though you will be slow longer.
A two-headed ogre comes into view.
It is wielding a giant spiked club and a giant club.
You feel sick.
The killer bee zombie hits you but does no damage.
The hornet closely misses you.
The killer bee zombie barely misses you.
The hornet stings you.
You suddenly lose the ability to move!
The killer bee zombie hits you.
You feel sick.
The two-headed ogre shouts in stereo!
The hornet stings you!
* * * LOW HITPOINT WARNING * * *
You shrug off the repeated paralysis!
The killer bee zombie hits you.
* * * LOW HITPOINT WARNING * * *
The hornet stings you.
You die...

. #. ...
#.. oo
#o###
#Ooy#####
###Z@5..###
#####...##
###..###
##...#
###.##
#..#######
##........
########.
##


You could see a two-headed ogre, a hornet, an orc priest, an orc wizard, 2 orcs,
a killer bee zombie and a friendly iron imp.

Vanquished Creatures
  The ghost of mg7810 the Chopper, a novice HOFi (D:3)
  A hippogriff (D:7)
  Sigmund (D:3)
  A hungry ghost (D:7)
  An orc warrior (D:7)
  A phantom (D:6)
  An ice beast (D:7)
  An ogre (D:7)
  A centaur (D:5)
  4 killer bees (D:7)
  5 wights (D:6)
  2 crimson imps
  A bullfrog zombie (D:5)
  A quasit (D:8)
  3 hounds
  Crazy Yiuf (D:2)
  An orc priest (D:6)
  3 bullfrog skeletons
  2 orc wizards
  Jessica (D:3)
  5 worker ants
  A hell rat (D:7)
  A hound zombie (D:5)
  A howler monkey zombie (D:5)
  4 worker ant zombies
  A howler monkey skeleton (D:4)
  10 adders
  16 river rats (D:7)
  An adder zombie (D:5)
  2 worms
  6 dart slugs
  4 leopard geckos
  18 orcs
  3 giant cockroaches (D:2)
  10 goblins
  4 hobgoblins
  24 jackals
  5 kobolds
  10 quokkas
  8 bats
  6 frilled lizards
  2 jackal skeletons
  31 rats
206 creatures vanquished.

Vanquished Creatures (collateral kills)
  The ghost of xfalz the Ruffian, a novice TrHu of Cheibriados (D:5)
  An ice beast (D:5)
  An ogre (D:5)
  A hound (D:5)
  An orc wizard (D:4)
  2 worker ants (D:5)
  An iguana (D:5)
  A hell rat (D:7)
  A hound zombie (D:5)
  An adder (D:3)
  A leopard gecko (D:5)
  2 orcs
  3 jackals
  A quokka (D:5)
18 creatures vanquished.

Grand Total: 224 creatures vanquished

Notes
Turn   | Place    | Note
-------+----------+-------------------------------------------
     0 | D:1      | slep the Demonspawn Monk began the quest for the Orb.
     0 | D:1      | Reached XP level 1. HP: 18/18 MP: 1/1
   287 | D:1      | Gained mutation: A weak demonic guardian rushes to your aid. [demonic ancestry]
   287 | D:1      | Reached XP level 2. HP: 20/24 MP: 2/2
   291 | D:1      | Reached skill level 3 in Axes
   532 | D:1      | Gained mutation: Your movements are slightly less encumbered by armour. (ER -2) [demonic ancestry]
   532 | D:1      | Reached XP level 3. HP: 26/29 MP: 3/3
   745 | D:2      | Reached XP level 4. HP: 15/35 MP: 4/4
   801 | D:2      | Reached skill level 1 in Armour
   814 | D:2      | Found a faded altar of an unknown god.
   949 | D:2      | Found a sacrificial altar of Ru.
   952 | D:2      | Found a hide-covered altar of Uskayaw.
   953 | D:2      | Found a shadowy altar of Dithmenos.
   953 | D:2      | Found a snail-covered altar of Cheibriados.
   953 | D:2      | Found a sparkling altar of Nemelex Xobeh.
   953 | D:2      | Found an ancient bone altar of Kikubaaqudgha.
   953 | D:2      | Found a stormy altar of Qazlal.
   956 | D:2      | Found a shattered altar of Ashenzari.
   957 | D:2      | Found a basalt altar of Yredelemnul.
  1339 | D:2      | Found a runed door.
  1466 | D:2      | Gained mutation: Your muscles are strong. (Str +2) [potion of mutation]
  1466 | D:2      | Gained mutation: You have a pair of small horns on your head. [potion of mutation]
  1468 | D:2      | Noticed Crazy Yiuf
  1477 | D:2      | Killed Crazy Yiuf
  1477 | D:2      | Reached skill level 4 in Axes
  1522 | D:3      | Noticed Jessica
  1525 | D:3      | Killed Jessica
  1525 | D:3      | Reached XP level 5. HP: 41/41 MP: 5/5
  1537 | D:3      | Noticed mg7810's ghost (novice HOFi)
  1897 | D:3      | Found a sacrificial altar of Ru.
  1924 | D:3      | Noticed Sigmund
  1939 | D:3      | Killed Sigmund
  1939 | D:3      | Reached XP level 6. HP: 46/47 MP: 6/6
  2152 | D:3      | Killed mg7810's ghost
  2152 | D:3      | Reached skill level 5 in Axes
  2152 | D:3      | Reached skill level 1 in Maces & Flails
  2152 | D:3      | Reached skill level 1 in Shields
  2152 | D:3      | Reached XP level 7. HP: 29/54 MP: 7/7
  2720 | D:4      | Got a brightly glowing short sword
  2954 | D:5      | Entered Level 5 of the Dungeon
  3188 | D:5      | Gained mutation: You have sharp toenails. [demonic ancestry]
  3188 | D:5      | Reached XP level 8. HP: 39/60 MP: 8/8
  3210 | D:5      | Reached skill level 6 in Axes
  3624 | D:5      | Noticed xfalz's ghost (novice TrHu)
  3641 | D:5      | Killed xfalz's ghost
  3899 | D:5      | Got a crude robe
  4170 | D:6      | Reached skill level 7 in Axes
  4170 | D:6      | Reached skill level 1 in Polearms
  4329 | D:6      | Reached XP level 9. HP: 46/67 MP: 6/9
  4608 | D:6      | Found a staircase to the Ecumenical Temple.
  4614 | Temple   | Entered the Ecumenical Temple
  4752 | Temple   | Became a worshipper of Warmaster Okawaru
  4752 | Temple   | Reached * piety under Okawaru
  4752 | Temple   | Reached ** piety under Okawaru
  5341 | D:7      | Reached skill level 5 in Armour
  5384 | D:7      | Reached skill level 5 in Fighting
  5611 | D:7      | HP: 2/68 [hell rat (13)]
  5655 | D:7      | Reached skill level 8 in Axes
  6245 | D:8      | Reached *** piety under Okawaru
  6245 | D:8      | Reached skill level 5 in Dodging
  6259 | D:8      | Noticed a two-headed ogre
  6265 | D:8      | Noticed a two-headed ogre
  6266 | D:8      | Noticed a two-headed ogre
  6266 | D:8      | Paralysed by a hornet for 3 turns
  6267 | D:8      | HP: 1/68 [killer bee zombie (4)]
  6267 | D:8      | Slain by a hornet

Vault maps used:
D:1:      dpeg_arrival_castle
D:2:      minitemple, chequers_ecumenical_altar_island, uniq_crazy_yiuf_cottage
D:3:      nicolae_ru_sacrificial_ziggurat, uniq_sigmund, uniq_jessica
D:4:      first_bread, kennysheep_potato
D:5:      minmay_diamond_boxcup
D:6:      minmay_temple_entry_fiery
D:7:      lemuel_ratsnest, grunt_ogre_cave, dk_rats_in_the_wall
D:8:      serial_shops, kennysheep_mini
Temple:   minmay_temple_forest_path

Skill      XL: |  1  2  3  4  5  6  7  8  9 |
---------------+----------------------------+-----
Axes           | 3 4 5 7 8 |  8.4
Dodging        | 3 4 5 |  5.0
Armour         | 1 2 3 4 5 |  5.1
Stealth        | 2 3 |  3.0
Fighting       | 4 5 |  5.5
Maces & Flails | 1 2 |  2.2
Shields        | 1 3 |  3.4
Polearms       | 1 |  1.1

Action                   |  1- 3 |  4- 6 |  7- 9 || total
-------------------------+-------+-------+-------++-------
Melee: Hand axe          |   124 |       |   276 ||   400
       War axe           |     8 |    90 |   216 ||   314
       Mace              |       |    28 |       ||    28
       Headbutt          |       |     9 |    99 ||   108
       Trident           |       |       |    31 ||    31
       Kick              |       |       |   118 ||   118
  Use: Potion            |       |     7 |     1 ||     8
 Stab: Sleeping          |       |       |     6 ||     6
       Distracted        |       |       |     3 ||     3
  Eat: Chunk             |       |     4 |    12 ||    16
       Bread ration      |       |       |     1 ||     1
Armor: Fire dragon scale |    75 |    58 |   156 ||   289
       Robe              |     1 |       |       ||     1
       Skin              |       |     1 |       ||     1
       Leather armour    |       |       |    44 ||    44
Dodge: Dodged            |    86 |    73 |   286 ||   445
Block: Buckler           |       |    15 |   192 ||   207

Table legend:
 A = Spawn XP
 B = Non-spawn XP
 C = Spawn XP percentage of total XP
 D = Spawn monster count
 E = Non-spawn monster count
 F = Spawn count percentage of total count
 G = Total turns spent on level
                    A         B        C        D         E        F      G
               +---------+---------+-------+---------+---------+-------+---------
         Total |       0 |    4568 |   0.0 |       0 |     224 |   0.0 |  6267
               +---------+---------+-------+---------+---------+-------+---------
           D:1 |       0 |      45 |   0.0 |       0 |      23 |   0.0 |   670
           D:2 |       0 |     126 |   0.0 |       0 |      33 |   0.0 |  1135
           D:3 |       0 |     738 |   0.0 |       0 |      13 |   0.0 |   547
           D:4 |       0 |     270 |   0.0 |       0 |      22 |   0.0 |   602
           D:5 |       0 |    1249 |   0.0 |       0 |      40 |   0.0 |  1182
           D:6 |       0 |     627 |   0.0 |       0 |      18 |   0.0 |   792
           D:7 |       0 |    1468 |   0.0 |       0 |      74 |   0.0 |   890
           D:8 |       0 |      45 |   0.0 |       0 |       1 |   0.0 |    46
               +---------+---------+-------+---------+---------+-------+---------
